 Dungeon Crawl Stone Soup version 0.31.0-12-g77e489cdc1 (webtiles) character file.

Game seed: 12681615323485013302

30221 112233 the Destroyer (level 13, -9/198 HPs)
             Began as an Octopode Conjurer on Feb 14, 2024.
             Was an Initiate of Gozag.
             Mangled by an ogre
             ... wielding a +0 giant spiked club
              (13 damage)
             ... on level 1 of the Orcish Mines.
             The game lasted 00:25:55 (23597 turns).

112233 the Destroyer (Octopode Conjurer)           Turns: 23597, Time: 00:25:55

Health: -9/198     AC: 26    Str: 14    XL:     13   Next: 50%
Magic:  47/47      EV:  2    Int: 36    God:    Gozag
Gold:   594        SH:  0    Dex: 10    Spells: 19/36 levels left

rFire   + + .        C - staff of earth
rCold   + + .        (no shield)
rNeg    . . .        (helmet currently unavailable)
rPois   +            E - amulet of the acrobat
rElec   +            d - ring of protection from fire
rCorr   +            h - +5 ring of evasion
SInv    .            s - +6 ring of intelligence
Will    .....        i - ring of magical power Stlth
                     D - ring of Oproip {rC+ MP+9 Str+6}
HPRegen 0.53/turn    J - +6 ring of intelligence
MPRegen 0.30/turn    (no ring)
                     (no ring)

%: acrobat
@: mighty, berserking (expiring), tree-form, resistant, very quick
A: stationary, stasis, torment immunity, boosted hp, almost no armour,
(amphibious), 8 rings, (camouflage 1), (gelatinous body 1), (nimble swimmer 1),
(tentacles), (tentacle spike 1), wild magic 1
a: End Transformation, Renounce Religion, Potion Petition, Call Merchant, Bribe
Branch


You were on level 1 of the Orcish Mines.
You worshipped Gozag.
Gozag was pleased with you.
You were a tree.
You visited 4 branches of the dungeon, and saw 16 of its levels.

You collected 2279 gold pieces.
You spent 321 gold pieces at shops.
You paid 1364 gold pieces to Gozag.

Inventory:

Hand Weapons
 t - the +2 dagger "Ogrebane" {protect, rElec rPois rF- rN+++}
   (You took it off an orc on level 9 of the Dungeon)

   rF-:       It makes you vulnerable to fire.
   rElec:     It insulates you from electricity.
   rPois:     It protects you from poison rN+++: It renders you almost immune to
   negative energy.
Missiles
 b - 2 throwing nets
 c - 13 boomerangs (quivered)
 y - 5 atropa-tipped darts
Magical Staves
 C - a staff of earth (weapon)
 F - a staff of cold
Jewellery
 d - a ring of protection from fire (left branch)
 h - a +5 ring of evasion (right branch)
 i - a ring of magical power (on tentacle)
 s - a +6 ring of intelligence (on tentacle)
 A - an amulet of regeneration
 D - the ring of Oproip (on tentacle) {rC+ MP+9 Str+6}
   (You found it on level 10 of the Dungeon)

   [ring of strength]

   Str+6:     It affects your strength (+6).
   rC+:       It protects you from cold.
   MP+9:      It affects your magic capacity (+9).
 E - an amulet of the acrobat (around neck)
 J - a +6 ring of intelligence (on tentacle)
 K - a +4 ring of protection
Talismans
 f - a maw talisman
Wands
 q - a wand of iceblast (4)
 I - a wand of mindburst (8)
Scrolls
 e - 3 scrolls of fog
 j - a scroll of immolation {unknown}
 k - a scroll of brand weapon
 m - 2 scrolls of amnesia
 n - 3 scrolls of noise
 o - 2 scrolls of poison
 r - 2 scrolls of enchant armour
 u - 7 scrolls of teleportation
 v - 3 scrolls of enchant weapon
 B - 4 scrolls of butterflies
 G - 2 scrolls of blinking
 H - 2 scrolls of vulnerability {unknown}
 M - a scroll of identify
 N - 2 scrolls of fear
Potions
 a - 3 potions of mutation
 l - 5 potions of degeneration
 p - a potion of enlightenment
 w - 2 potions of might
 x - 2 potions of attraction
 z - a potion of brilliance
 L - 2 potions of heal wounds
 O - a potion of cancellation {unknown}
 P - 2 potions of curing
Miscellaneous
 g - a box of beasts


   Skills:
 + Level 7.7 Fighting
 + Level 3.2 Staves
 + Level 10.5 Dodging
 - Level 10.1 Stealth
 * Level 12.0 Spellcasting
 * Level 12.2 Conjurations


You had 19 spell levels left.
You knew the following spells:

 Your Spells              Type           Power      Damage    Failure   Level
a - Magic Dart            Conj           100%       1d8       1%          1
b - Searing Ray           Conj           100%       2d8       1%          2
c - Iskenderun's Mystic   Conj/Tloc      71%        2d14      3%          4
d - Mephitic Cloud        Conj/Alch/Air  61%        N/A       2%          3
e - Blink                 Tloc           56%        N/A       4%          2
g - Irradiate             Conj/Alch      35%        3d23      7%          5

Your spell library contained the following spells:

 Spells                   Type           Power      Damage    Failure   Level
 Dazzling Flash           Conj/Hex       100%       N/A       1%          3
 Slow                     Hex            100%       N/A       3%          1
 Flame Wave               Conj/Fire      71%        2d16      3%          4
 Fulminant Prism          Conj/Alch      35%        3d17      3%          4
 Call Imp                 Summ           56%        N/A       4%          2
 Scorch                   Fire           56%        2d7       4%          2
 Sublimation of Blood     Necr           28%        N/A       4%          2
 Fireball                 Conj/Fire      35%        3d15      7%          5
 Call Canine Familiar     Summ           28%        N/A       9%          3
 Confusing Touch          Hex            28%        N/A       9%          3
 Sigil of Binding         Hex            28%        N/A       9%          3
 Vampiric Draining        Necr           28%        2d8       9%          3
 Cause Fear               Hex            14%        N/A       26%         4
 Dimensional Bullseye     Hex/Tloc       14%        N/A       26%         4
 Petrify                  Alch/Erth      42%        N/A       26%         4
 Curse of Agony           Necr           28%        N/A       54%         5
 Silence                  Hex/Air        14%        N/A       54%         5
 Summon Cactus Giant      Summ           14%        N/A       98%         6
 Dragon's Call            Summ           14%        N/A       100%        9


Dungeon Overview and Level Annotations

Branches:
Dungeon (10/15)            Temple (1/1) D:5            Lair (4/5) D:8
 Shoals (0/4) Lair:3          Orc (1/2) D:9
  Snake: Lair:2-3    Spider: Lair:2-3     Slime: Lair:4-5

Altars:
Ashenzari
Cheibriados
Dithmenos
Elyvilon
Fedhas
Gozag
Hepliaklqana
Kikubaaqudgha
Makhleb
Nemelex Xobeh
Okawaru
Qazlal
Ru
Sif Muna
Trog
Uskayaw
Vehumet
Wu Jian
Xom
Yredelemnul
Zin
The Shining One

Shops:
D:3 ?   D:4 !=*   D:6 =[*[   D:9 (   D:10 (

Annotations:
D:3 exclusion: downstairs
D:4 1 runed translucent door, Crazy Yiuf
D:6 1 runed translucent door, ongoing's ghost, novice GrFi
D:7 2 transporters, waddelsworth's ghost, novice TrSh
D:9 exclusion: upstairs
Lair:3 exclusion: 2 upstairs
Orc:1 Josephine


Innate Abilities, Weirdness & Mutations

You are a tree.
Your roots penetrate the ground, keeping you stationary.
You cannot be teleported.
You are immune to unholy pain and torment.
Your maximum health is greatly increased.
You cannot wear most types of armour.
((You are amphibious.))
You can wear up to eight rings at the same time.
((Your skin changes colour to match your surroundings (Stealth+).))
((Your rubbery body absorbs attacks. (AC +1, EV +1)))
((You are camouflaged when in or above water. (Stealth+)))
((You have tentacles for arms and can constrict up to eight enemies at once.))
((One of your tentacles bears a spike.))
Your spells are a little harder to cast, but a little more powerful.


Message History

The orc warrior hits you but does no damage.
Josephine the Decaying Necromancer comes into view.
She is wielding a +0 dagger.
Unknown command.
You barely miss the orc warrior.
The orc warrior is lightly wounded.
The ogre hits you with a +0 giant spiked club!
* * * LOW HITPOINT WARNING * * *
The kobold blastminer blasts its cannon at you.
The iron shot hits you!
* * * LOW HITPOINT WARNING * * *
The kobold blastminer is knocked back by the blast.
The orc warrior hits you but does no damage.
The kobold blastminer shoots a bolt.
The bolt barely misses you.
The bolt hits the orc warrior but does no damage.
Unknown command.
Unknown command.
You feel a strong urge to attack something.
The ogre hits you with a +0 giant spiked club!
* * * LOW HITPOINT WARNING * * *
The orc warrior hits you but does no damage.
Something hits you but does no damage.
Unknown command.
Unknown command.
Unknown command.
You hit the orc warrior but do no damage.
The orc warrior is lightly wounded.
The kobold blastminer shoots a bolt.
The bolt hits you.
* * * LOW HITPOINT WARNING * * *
The orc warrior unwields a +0 orcbow.
The orc warrior wields a +0 trident.
The orc warrior hits you but does no damage.
The orc warrior hits you with a +0 battleaxe.
* * * LOW HITPOINT WARNING * * *
You hit the ogre.
The ogre is lightly wounded.
The kobold blastminer shoots a bolt.
The bolt hits you.
* * * LOW HITPOINT WARNING * * *
Something hits you but does no damage.
The ogre hits you with a +0 giant spiked club!
You die...
Your body crumbles into a pile of gold.

#.##......
.$...$..
.....#.
....$
....##
##$.[.#.#.
#)oo......
#♣OK$....
#○........
#KK##$....
.oo. @...
##... .W.
#.... ..
..... .
......


You could see Josephine, 3 kobold blastminers, a wraith, 2 orc warriors, an ogre
and 2 orcs.

Vanquished Creatures
  A hydra (D:10)
  A two-headed ogre (D:9)
  A boulder beetle (D:9)
  A skyshark (Lair:4)
  An orc knight (D:10)
  A deep elf pyromancer (D:10)
  2 ugly things (D:10)
  9 elephants
  A water nymph (Lair:3)
  3 black mambas
  8 cane toads
  6 komodo dragons
  A troll (D:9)
  A polar bear (Lair:1)
  4 hornets
  17 blink frogs
  26 yaks
  3 wraiths
  4 wyverns
  7 basilisks
  A hog (shapeshifter) (D:10)
  2 wargs (D:9)
  Duvessa (D:4)
  An acid dragon (D:8)
  16 water moccasins
  An ice beast (D:5)
  8 orc warriors
  A sky beast (D:7)
  3 black bears
  3 ogres
  5 wolves (Lair:2)
  3 centaurs
  2 kobold brigands (D:8)
  2 phantoms
  14 bullfrogs
  2 scorpions
  6 wights
  Dowan (D:4)
  6 killer bees (D:8)
  3 electric eels
  4 jellies
  3 bombardier beetles
  5 hounds
  11 orc priests
  A gnoll bouda (D:10)
  A sleepcap (D:8)
  5 iguanas
  18 orc wizards
  27 adders
  4 gnolls
  3 white imps
  6 ufetubi
  A ribbon worm (D:2)
  3 dart slugs
  62 orcs
  4 endoplasms
  6 giant cockroaches
  12 goblins
  8 hobgoblins
  6 jackals
  6 quokkas
  4 ball pythons
  6 bats
  6 frilled lizards
  15 kobolds
  6 rats
412 creatures vanquished.

Vanquished Creatures (collateral kills)
  A water moccasin (Lair:3)
1 creature vanquished.

Vanquished Creatures (others)
  3 fulminant prisms
3 creatures vanquished.

Grand Total: 416 creatures vanquished

Notes
Turn   | Place    | Note
-------+----------+-------------------------------------------
     0 | D:1      | 112233 the Octopode Conjurer began the quest for the Orb.
     0 | D:1      | Reached XP level 1. HP: 11/11 MP: 3/3
   162 | D:1      | Reached XP level 2. HP: 13/17 MP: 1/5
   429 | D:1      | Learned a level 2 spell: Searing Ray
   488 | D:1      | Found a faded altar of an unknown god.
   720 | D:1      | Reached XP level 3. HP: 21/21 MP: 1/6
  1559 | D:2      | Reached XP level 4. HP: 27/27 MP: 5/7
  2193 | D:3      | Found Kosarph's Magic Scroll Boutique.
  2903 | D:3      | Reached XP level 5. HP: 31/31 MP: 6/9
  3218 | D:3      | Found a hazy altar of Hepliaklqana.
  3344 | D:4      | Noticed a phantom
  3405 | D:4      | Found Saer's Jewellery Shoppe.
  3600 | D:4      | Noticed an ogre
  3604 | D:4      | Killed an ogre
  3605 | D:4      | Reached skill level 5 in Stealth
  3605 | D:4      | Reached skill level 5 in Conjurations
  3605 | D:4      | Reached XP level 6. HP: 36/36 MP: 4/10
  3729 | D:4      | Learned a level 4 spell: Iskenderun's Mystic Blast
  3838 | D:4      | Found Qyufoosk's Distillery.
  3888 | D:4      | Bought a potion of heal wounds for 70 gold pieces
  3888 | D:4      | Bought a potion of degeneration for 14 gold pieces
  4083 | D:4      | Found a runed translucent door.
  4084 | D:4      | Noticed Crazy Yiuf
  4194 | D:4      | Reached XP level 7. HP: 40/41 MP: 2/12
  4446 | D:4      | Noticed Duvessa
  4467 | D:5      | Entered Level 5 of the Dungeon
  5453 | D:4      | Found Ecvor's Assorted Antiques.
  5461 | D:4      | Reached XP level 8. HP: 40/46 MP: 1/14
  5486 | D:5      | Gained mutation: You have hidden genetic potential. [potion
                  | of mutation]
  6132 | D:5      | Found a staircase to the Ecumenical Temple.
  6249 | Temple   | Entered the Ecumenical Temple
  6323 | D:6      | Reached skill level 5 in Dodging
  6465 | D:6      | Found Liny's Jewellery Boutique.
  6466 | D:6      | Found Olorieha's Armour Shoppe.
  6751 | D:4      | Noticed Dowan
  6815 | D:4      | Bought a scroll labelled CIUFI NIAR for 22 gold pieces
  6815 | D:4      | Bought 2 fizzy orange potions for 39 gold pieces
  6815 | D:4      | Bought a scroll labelled UTEGAMA ZUIME for 22 gold pieces
  6815 | D:4      | Bought a scroll labelled MOEL KETUYR for 22 gold pieces
  6855 | D:6      | Found Aproovio's Assorted Antiques.
  7117 | D:7      | Reached skill level 5 in Spellcasting
  7583 | D:7      | Reached XP level 9. HP: 41/51 MP: 7/17
  7666 | D:7      | Found a broken altar of Ashenzari.
  7673 | D:7      | Found a hide-covered altar of Uskayaw.
  7678 | D:7      | Found a glowing silver altar of Zin.
  7679 | D:7      | Found a snail-covered altar of Cheibriados.
  8014 | D:6      | Gained mutation: One of your tentacles bears a spike.
                  | [hidden potential]
  8016 | D:6      | Learned a level 4 spell: Fulminant Prism
  8063 | D:6      | Found Emam Quaf's Armour Emporium.
  8322 | D:6      | Found a runed translucent door.
  8324 | D:6      | Noticed ongoing's ghost (novice GrFi)
  8935 | D:7      | Found a bloodstained altar of Trog.
  8936 | D:7      | Noticed waddelsworth's ghost (novice TrSh)
  8950 | D:7      | Found a transporter.
  8951 | D:7      | Noticed a moth of wrath
  8958 | D:7      | Found a transporter.
  9518 | D:4      | Killed Duvessa
  9521 | D:4      | Killed Dowan
 10142 | D:8      | Reached skill level 10 in Stealth
 10578 | D:8      | Reached XP level 10. HP: 47/50 MP: 10/19
 10584 | D:8      | Gained mutation: Your spells are a little harder to cast,
                  | but a little more powerful. [hidden potential]
 10584 | D:8      | Lost mutation: You have hidden genetic potential. [hidden
                  | potential expressed]
 10855 | D:8      | Reached skill level 1 in Fighting
 10859 | D:8      | Learned a level 2 spell: Blink
 10863 | D:8      | Learned a level 3 spell: Mephitic Cloud
 10869 | D:8      | Learned a level 5 spell: Irradiate
 11458 | D:9      | Noticed a two-headed ogre
 11465 | D:10     | Entered Level 10 of the Dungeon
 11691 | D:10     | Found Atilupp's Weapon Boutique.
 12102 | D:9      | HP: 2/60 [warg (16)]
 12447 | D:8      | Found a sacrificial altar of Ru.
 12520 | D:8      | Found a staircase to the Lair.
 13523 | D:9      | Identified the +2 dagger "Ogrebane" {protect, rElec rPois
                  | rF- rN+++}
 13658 | D:9      | Found Uxzocvum's Weapon Boutique.
 14015 | D:9      | Found a staircase to the Orcish Mines.
 14810 | D:10     | Reached XP level 11. HP: 68/68 MP: 14/23
 15228 | D:10     | Noticed an orc knight
 15236 | D:10     | Noticed a five-headed hydra
 15242 | D:10     | HP: 1/69 [orc knight/+3 heavy battleaxe (42)]
 15627 | D:10     | Killed an orc knight
 15963 | D:10     | Noticed a white ugly thing
 15971 | D:10     | Noticed a white ugly thing
 15978 | D:10     | Killed a white ugly thing
 15998 | D:10     | Killed a white ugly thing
 16344 | D:10     | Found an opulent altar of Gozag.
 16352 | D:10     | Became a worshipper of Gozag Ym Sagoz the Greedy
 16372 | D:10     | Found a basalt altar of Yredelemnul.
 16372 | D:10     | Noticed a deep elf pyromancer
 16380 | D:10     | Killed a deep elf pyromancer
 16396 | D:10     | Killed a five-headed hydra
 16821 | D:10     | Identified the ring of Oproip {rC+ MP+9 Str+6}
 16821 | D:10     | Identified the +7 plate armour of Day {rC+}
 16985 | D:9      | Killed a two-headed ogre
 16986 | D:9      | Reached skill level 5 in Fighting
 17148 | D:6      | Bought a scroll of identify for 44 gold pieces
 17148 | D:6      | Bought a scroll of teleportation for 66 gold pieces
 17148 | D:6      | Bought a scroll labelled TUJIFF XUERE for 22 gold pieces
 17241 | Orc:1    | Entered Level 1 of the Orcish Mines
 17304 | Orc:1    | Noticed a boulder beetle
 17563 | D:9      | Killed a boulder beetle
 17786 | Lair:1   | Entered Level 1 of the Lair of Beasts
 17828 | Lair:1   | Reached skill level 10 in Spellcasting
 17933 | Lair:1   | Reached skill level 10 in Conjurations
 18132 | Lair:1   | Reached XP level 12. HP: 72/78 MP: 26/26
 20084 | Lair:3   | Reached skill level 10 in Dodging
 20426 | Lair:3   | Noticed a death yak
 20518 | Lair:4   | Noticed a skyshark
 20534 | Lair:4   | Killed a skyshark
 20882 | Lair:4   | Reached skill level 1 in Staves
 21080 | Lair:4   | Noticed a seven-headed hydra
 21160 | Lair:3   | Reached XP level 13. HP: 64/86 MP: 28/28
 21477 | Lair:3   | Found a staircase to the Shoals.
 23592 | Orc:1    | Noticed Josephine
 23596 | Orc:1    | HP: 7/198 [orc warrior/+0 battleaxe (6)]
 23597 | Orc:1    | Mangled by an ogre

Illustrated notes

Levels and vault maps discovered:
D:1:      tarquinn_simple_flora_water_c, layout_loops_ring,
          ebering_ecumenical_altar_hall
D:2:      layout_basic
D:3:      layout_loops_cross, nzn_hepliaklqana_mist_gate, serial_shops,
          nicolae_square_shop, minmay_cupped
D:4:      layout_gridville, serial_shops, shop,
          nicolae_shop_competitors_out_of_business, shop,
          minmay_increasing_density, uniq_duvessa, uniq_crazy_yiuf_cottage
D:5:      layout_basic, temple_hall
D:6:      layout_basic, serial_shops, shop, shop, shop, shop,
          ebering_ghost_reflecting_pool, kennysheep_doodads
D:7:      layout_gridville, minitemple, gammafunk_ghost_wrathful_warriors
D:8:      layout_basic, nicolae_ru_path_of_blood, david_lair_generic
D:9:      layout_irregular_city, erik_orc_4, serial_shops, shop, nrook_campfire,
          hangedman_decor_opposing, hangedman_decor_diamond_cutter
D:10:     minmay_the_grid_four_pointed_star [minmay_the_grid_triangle_9x9_steps,
          minmay_the_grid_triangle_9x9_swiss_cheese,
          minmay_the_grid_triangle_9x9_dagger,
          minmay_the_grid_triangle_9x9_zippers_vertical,
          minmay_the_grid_prize_shrinking_boxes], layout_loops_ring,
          mainiacjoe_overflow_concentric_impassable, grunt_gozag_statues,
          serial_shops, shop, patterned_corridor
Temple:   eino_narrow_crystal_temple
Lair:1:   layout_regular_city, grunt_megastairs_1
Lair:2:   layout_regular_city, lemuel_fruit_tree, serial_bayou_shore_b,
          grunt_megastairs_2, serial_bayou_shore_a
Lair:3:   lemuel_reptile_caves, layout_chaotic_city,
          nicolae_shoals_entry_flooding, dummy_spider_entry,
          kennysheep_basilisk_garden
Lair:4:   layout_roguey, serial_bayou_shore_b
Orc:1:    layout_diamond_mine, blackcustard_rock_pile, uniq_josephine

Skill      XL: |  1  2  3  4  5  6  7  8  9 10 11 12 13 |
---------------+----------------------------------------+-----
Stealth        | 3 4 5 6 8 10 | 10.1
Dodging        | 3 4 5 7 8 9 10 | 10.5
Spellcasting   | 3 4 5 6 8 10 11 12 | 12.0
Conjurations   | 5 6 8 9 10 11 12 | 12.2
Fighting       | 3 5 7 |  7.7
Staves         | 1 3 |  3.2

Action                     |  1- 3 |  4- 6 |  7- 9 | 10-12 | 13-15 || total
---------------------------+-------+-------+-------+-------+-------++-------
  Melee: Unarmed           |    16 |     2 |     9 |       |       ||    27
         Constrict         |     5 |     1 |     3 |     3 |     1 ||    13
         Tentacles         |     3 |       |     2 |     8 |       ||    13
         Staff             |       |       |    13 |    37 |    12 ||    62
         Kick              |       |       |     6 |     7 |     4 ||    17
         Punch             |       |       |       |     2 |       ||     2
  Throw: Dart              |       |       |     6 |       |       ||     6
         Boomerang         |       |       |     5 |       |       ||     5
   Cast: Magic Dart        |    62 |   117 |   156 |   203 |    24 ||   562
         Searing Ray       |     2 |     7 |    62 |   152 |    26 ||   249
         Iskenderun's Myst |       |       |       |    99 |    49 ||   148
         Mephitic Cloud    |       |       |       |    30 |     8 ||    38
         Fulminant Prism   |       |       |       |     3 |       ||     3
         Irradiate         |       |       |       |     3 |       ||     3
 Invoke: Potion Petition   |       |       |       |     1 |     1 ||     2
  Evoke: Wand              |       |       |    12 |     4 |     4 ||    20
         Box of beasts     |       |       |       |     2 |       ||     2
    Use: Potion            |     1 |       |    10 |     4 |       ||    15
         Scroll            |       |       |     1 |    12 |       ||    13
   Stab: Sleeping          |       |       |       |     1 |       ||     1
         Confused          |       |       |       |     2 |     1 ||     3
 Armour: Skin              |    12 |     8 |    81 |   104 |    43 ||   248
  Dodge: Dodged            |    20 |    16 |   116 |   275 |    73 ||   500
